 Dungeon Crawl Stone Soup version 0.21.0-3-g78d12a8 (webtiles) character file.

3847 asthiss the Blocker (level 9, -15/83 HPs)
             Began as a Minotaur Fighter on Jan 14, 2018.
             Was a Priest of Trog.
             Killed from afar by a raiju (23 damage)
             ... with a living lightning
             ... summoned by a shadow demon
             ... on level 2 of the Abyss.
             The game lasted 00:24:18 (5572 turns).

asthiss the Blocker (Minotaur Fighter)              Turns: 5572, Time: 00:24:19

Health: -15/83     AC: 21    Str: 22 (24) XL:     9   Next: 98%
Magic:  0/8        EV:  5    Int:  6 (7)  God:    Trog [***...]
Gold:   431        SH: 11    Dex:  8 (10) Spells: 8/8 levels left

rFire    . . .     SeeInvis .   a - +2 long sword
rCold    . . .     Gourm    .   c - +0 shield
rNeg     . . .     Faith    .   h - +1 plate armour
rPois    +         Spirit   +   (helmet restricted)
rElec    .         Reflect  .   j - scarf {Spirit}
rCorr    .         Harm     .   (no gloves)
MR       .....                  y - +2 pair of boots
Stlth    ..........             (no amulet)
HPRegen  0.23/turn              e - ring of poison resistance
MPRegen  0.11/turn              p - +3 ring of protection

@: drained
A: retaliatory headbutt, horns 2, clever 1, sense surroundings 1, [MP-powered
wands]
a: Berserk, Trog's Hand, Burn Spellbooks, Renounce Religion


You were on level 2 of the Abyss.
You worshipped Trog.
Trog was most pleased with you.
You were not hungry.

You visited 2 branches of the dungeon, and saw 9 of its levels.
You visited the Abyss 1 time.

You collected 431 gold pieces.

Inventory:

Hand Weapons
 a - a +2 long sword (weapon)
Missiles
 s - 4 tomahawks of returning (quivered)
Armour
 b - a +0 scale mail
 c - a +0 shield (worn)
 h - a +1 plate armour (worn)
 j - a scarf of spirit shield (worn)
 y - a +2 pair of boots (worn)
Jewellery
 e - a ring of poison resistance (left hand)
 p - a +3 ring of protection (right hand)
 r - an uncursed ring of poison resistance
 t - an uncursed ring of flight
Wands
 o - a wand of clouds (6)
 q - a wand of random effects (27)
Scrolls
 i - 4 scrolls of remove curse
 k - 2 scrolls of enchant weapon
 n - 3 scrolls of teleportation
 u - a scroll of fog
 v - a scroll of identify
 w - a scroll of magic mapping
Potions
 d - 3 potions of might
 l - a potion of resistance
 m - a potion of agility
 z - 3 potions of curing
Comestibles
 f - 8 rations


   Skills:
 + Level 9.1(8.7) Fighting
 + Level 8.7(8.4) Long Blades
 + Level 3.5(3.2) Throwing
 + Level 9.1(8.7) Armour
 + Level 9.1(8.8) Shields


You had 8 spell levels left.
You didn't know any spells.

Dungeon Overview and Level Annotations

Branches:
Dungeon (8/15)             Temple (1/1) D:6
   Lair: D:8-11

Altars:
Ashenzari
Cheibriados
Dithmenos
Elyvilon
Fedhas
Gozag
Hepliaklqana
Kikubaaqudgha
Makhleb
Nemelex Xobeh
Okawaru
Qazlal
Ru
Sif Muna
Trog
Uskayaw
Vehumet
Wu Jian
Xom
Yredelemnul
Zin
The Shining One

Annotations:
D:8 Maurice


Innate Abilities, Weirdness & Mutations

You reflexively headbutt those who attack you in melee.
You have a pair of horns on your head.
Your mind is acute. (Int +2)
You passively map a small area around you.
[You expend magic power (3 MP) to strengthen your wands.]


Message History

The iron imp shouts, "Get thee hence, thou yeasty weather-bitten bovine!"
You see here a scroll of remove curse.
i - 4 scrolls of remove curse (gained 1)
The iron imp lashes its tail.
A shadow demon comes into view.
The shadow demon gives a loud, deep croak!
The shadow demon gestures.
The raiju barks!
The raiju bursts into living lightning!
The living lightning hits you!
The raiju blinks!
The great orb of eyes turns its gaze towards you.
The raiju bursts into living lightning!
The living lightning hits you!
* * * LOW HITPOINT WARNING * * *
The raiju blinks!
The raiju bursts into living lightning!
The living lightning hits you!
* * * LOW HITPOINT WARNING * * *
The living lightning hits you!
You die...

.## #.# ### ###.#
#.. #.#.. #.#
...##.# # ....#
#.#..####
#.#@##..##
##.#..#.#. .
#.#ยง...#...
#....#...#
##.2..#.#h#
#.#.#h..##..
###..5#G...# .# ##
....#.##.# # #
#..###..##h.#..#..


You could see a great orb of eyes and 2 raiju.

Vanquished Creatures
  Pikel (D:5)
  A hippogriff (D:8)
  A wyvern (D:8)
  Eustachio (D:5)
  An ice beast (D:7)
  A phantom (D:8)
  5 ogres
  4 centaurs
  A big kobold (D:8)
  5 bullfrogs
  A gnoll sergeant (D:5)
  11 killer bees (D:7)
  A howler monkey (D:8)
  3 crimson imps
  2 hounds
  A bullfrog skeleton (D:6)
  An orc priest (D:8)
  2 centaur skeletons
  A jelly (D:7)
  An iguana (D:5)
  6 orc wizards
  9 worker ants
  3 hound skeletons
  7 gnolls
  7 adders
  2 shadow imps
  An ooze (D:2)
  5 worms
  2 dart slugs
  4 leopard geckos
  21 orcs
  2 ball pythons (D:1)
  6 bats (D:1)
  8 giant cockroaches
  4 goblins
  10 hobgoblins
  15 jackals
  3 quokkas
  12 frilled lizards
  A jackal skeleton (D:4)
  17 kobolds
  10 rats
200 creatures vanquished.

Notes
Turn   | Place    | Note
-------+----------+-------------------------------------------
     0 | D:1      | asthiss the Minotaur Fighter began the quest for the Orb.
     0 | D:1      | Reached XP level 1. HP: 19/19 MP: 0/0
    47 | D:1      | Reached XP level 2. HP: 24/27 MP: 1/1
   301 | D:1      | Reached XP level 3. HP: 33/33 MP: 2/2
   810 | D:2      | Reached XP level 4. HP: 41/41 MP: 3/3
   993 | D:2      | Found an ornate altar of the Wu Jian Council.
  1076 | D:2      | Noticed a bullfrog
  1082 | D:2      | Killed a bullfrog
  1082 | D:2      | Reached XP level 5. HP: 47/47 MP: 4/4
  1364 | D:2      | Found a bloodstained altar of Trog.
  1385 | D:2      | Became a worshipper of Trog the Wrathful
  1479 | D:3      | Found a white marble altar of Elyvilon.
  1541 | D:3      | Found a sacrificial altar of Ru.
  1564 | D:3      | Gained mutation: You passively map a small area around you. [potion of mutation]
  1564 | D:3      | Gained mutation: Your mind is acute. (Int +2) [potion of mutation]
  2003 | D:3      | Reached skill level 5 in Fighting
  2003 | D:3      | Reached skill level 5 in Armour
  2003 | D:3      | Reached skill level 5 in Shields
  2187 | D:4      | Noticed a dagger
  2187 | D:4      | Noticed a hand axe
  2188 | D:4      | Found a hide-covered altar of Uskayaw.
  2281 | D:4      | Found an ancient bone altar of Kikubaaqudgha.
  2292 | D:4      | Noticed an ogre
  2295 | D:4      | Killed an ogre
  2295 | D:4      | Reached XP level 6. HP: 49/56 MP: 3/5
  2309 | D:4      | Reached * piety under Trog
  2604 | D:4      | Reached skill level 5 in Long Blades
  2728 | D:5      | Entered Level 5 of the Dungeon
  2745 | D:5      | Reached XP level 7. HP: 62/62 MP: 6/6
  2746 | D:5      | Found a shimmering altar of Xom.
  2852 | D:5      | Noticed Pikel
  2870 | D:5      | Killed Pikel
  2870 | D:5      | Reached XP level 8. HP: 51/71 MP: 4/7
  2949 | D:5      | Reached ** piety under Trog
  3197 | D:5      | Noticed Eustachio
  3200 | D:5      | Killed Eustachio
  3492 | D:6      | Found a stormy altar of Qazlal.
  3749 | D:6      | Found a staircase to the Ecumenical Temple.
  3765 | Temple   | Entered the Ecumenical Temple
  3972 | D:6      | Found an opulent altar of Gozag.
  4020 | D:6      | Found a shadowy altar of Dithmenos.
  4416 | D:7      | Reached *** piety under Trog
  4416 | D:7      | Reached XP level 9. HP: 81/81 MP: 8/8
  4427 | D:7      | Reached skill level 1 in Throwing
  4473 | D:7      | Found a snail-covered altar of Cheibriados.
  4976 | D:7      | Found a basalt altar of Yredelemnul.
  5070 | D:8      | Found a deep blue altar of Sif Muna.
  5305 | D:8      | Noticed Maurice
  5359 | D:8      | Cast into level 2 of the Abyss (Maurice)
  5402 | Abyss:2  | Noticed a soul eater
  5420 | Abyss:2  | Noticed a thrashing horror
  5435 | Abyss:2  | HP: 7/83 [soul eater/drain life (10)]
  5444 | Abyss:2  | Noticed a wretched star
  5561 | Abyss:2  | Noticed a shadow demon
  5570 | Abyss:2  | Noticed a great orb of eyes
  5572 | Abyss:2  | HP: 8/83 [raiju/living lightning[a shadow demon] (1)]
  5572 | Abyss:2  | Killed from afar by a raiju

Skill      XL: |  1  2  3  4  5  6  7  8  9 |
---------------+----------------------------+-----
Armour         | 4 5 6 7 9 |  9.1
Shields        | 4 5 6 7 9 |  9.1
Fighting       | 4 5 6 7 9 |  9.1
Long Blades    | 3 4 5 6 7 8 |  8.7
Throwing       | 3 |  3.5

Action                   |  1- 3 |  4- 6 |  7- 9 || total
-------------------------+-------+-------+-------++-------
Melee: Long sword        |   114 |   176 |   301 ||   591
       Headbutt          |    20 |    30 |    79 ||   129
Throw: Tomahawk          |       |       |     1 ||     1
Invok: Burn Spellbooks   |       |       |     1 ||     1
       Trog's Hand       |       |       |     1 ||     1
  Use: Scroll            |     3 |     6 |     8 ||    17
       Potion            |       |     6 |     4 ||    10
  Eat: Chunk             |       |     3 |     3 ||     6
       Ration            |       |     1 |     2 ||     3
Armor: Scale mail        |     7 |       |       ||     7
       Plate armour      |    65 |   107 |   222 ||   394
Dodge: Dodged            |    19 |    25 |    85 ||   129
Block: Shield            |    41 |    79 |   204 ||   324
       Rpst.: Long sword |     6 |     4 |    21 ||    31
